 Dungeon Crawl Stone Soup version 0.28-a0-224-g76b539d98b (webtiles) character file.

Game seed: 13851770725421396276

61 timneilson the Shield-Bearer (level 4, -3/42 HPs)
             Began as a Gargoyle Fighter on Aug 21, 2021.
             Slain by a gnoll (4 damage)
             ... on level 4 of the Dungeon.
             The game lasted 00:01:33 (1246 turns).

timneilson the Shield-Bearer (Gargoyle Fighter)     Turns: 1246, Time: 00:01:34

Health: -3/42      AC: 10    Str: 21    XL:     4   Next: 7%
Magic:  4/4        EV:  7    Int:  8    God:
Gold:   76         SH:  8    Dex:  9    Spells: 3/3 levels left

rFire   . . .      SeeInvis .   a - +0 long sword
rCold   . . .      Faith    .   c - +0 kite shield
rNeg    + . .      Spirit   .   b - +0 scale mail
rPois   ∞          Reflect  .   (no helmet)
rElec   +          Harm     .   (no cloak)
rCorr   .          Rampage  .   (no gloves)
Will    .....                   (no boots)
Stlth   ..........              (no amulet)
HPRegen 0.14/turn               (no ring)
MPRegen 0.09/turn               (no ring)

@: mighty, berserking (expiring), very quick
A: sickness immunity, AC +3, negative energy resistance 1, electricity
resistance, torment resistance 1, petrification resistance
a: no special abilities


You were on level 4 of the Dungeon.
You visited 1 branch of the dungeon, and saw 3 of its levels.

You collected 76 gold pieces.

Inventory:

Hand Weapons
 a - a +0 long sword (weapon)
Armour
 b - a +0 scale mail (worn)
 c - a +0 kite shield (worn)
Jewellery
 g - a ring of flight
Wands
 h - a wand of paralysis (7)
Scrolls
 f - 2 scrolls of identify
Potions
 d - 2 potions of might
 e - a potion of curing
 j - a potion of lignification {unknown}


   Skills:
 + Level 3.5 Fighting
 * Level 2.5 Long Blades
 * Level 4.0 Armour
 * Level 4.0 Shields


You had 3 spell levels left.
You didn't know any spells.
Your spell library contained the following spells:

 Spells                   Type           Power      Damage    Failure   Level
 Corpse Rot               Necr/Air       N/A        N/A       100%        2
 Dispel Undead            Necr           0%         3d6       100%        4
 Death Channel            Necr           0%         N/A       100%        6


Dungeon Overview and Level Annotations

Branches:
Dungeon (2/15)

Altars:

Annotations:
D:4 Edmund


Innate Abilities, Weirdness & Mutations

You are immune to sickness and miasma.
Your stone body is resilient. (AC +3)
You are immune to poison.
You resist negative energy. (rN+)
You are resistant to electric shocks. (rElec)
You are resistant to unholy torment.
You are immune to petrification.


Message History

The gnoll hits you from afar with a +0 spear.
You closely miss Edmund.
Edmund is moderately wounded.
Edmund hits you with a +1 flail of holy wrath!
The gnoll closely misses you.
You closely miss Edmund.
Edmund is moderately wounded.
Edmund hits you but does no damage.
The gnoll hits you from afar with a +0 spear.
You completely miss Edmund.
Edmund is moderately wounded.
Edmund hits you with a +1 flail of holy wrath.
The gnoll barely misses you.
You hit Edmund.
Edmund is heavily wounded.
You block Edmund's attack. The gnoll hits you but does no damage.
You slash Edmund!
Edmund is heavily wounded.
Edmund hits you with a +1 flail of holy wrath!
* * * LOW HITPOINT WARNING * * *
The gnoll hits you from afar with a +0 spear.
* * * LOW HITPOINT WARNING * * *
You hit Edmund.
Edmund is severely wounded.
Edmund hits you with a +1 flail of holy wrath.
* * * LOW HITPOINT WARNING * * *
You block the gnoll's attack.
You slash Edmund!
Edmund is almost dead.
You block Edmund's attack.
The gnoll hits you from afar with a +0 spear.
* * * LOW HITPOINT WARNING * * *
You completely miss Edmund.
Edmund is almost dead.
You block Edmund's attack. The gnoll hits you but does no damage.
You closely miss Edmund.
Edmund is almost dead.
Edmund barely misses you.
The gnoll hits you from afar with a +0 spear.
You die...

######
##.....##
#.......##
.........#
.........#
...[....w####
........gg@@#
.......Kg####
........Z.
.........##
.....w...#
.........#
....Z....#
.........


You could see Edmund, a worm, 3 gnolls and a kobold.

Vanquished Creatures
  A hound (D:4)
  An adder (D:2)
  A dart slug (D:2)
  2 endoplasms
  2 goblins (D:1)
  A hobgoblin (D:2)
  2 quokkas
  3 ball pythons
  3 bats
  A frilled lizard (D:1)
  2 kobolds
  3 rats
22 creatures vanquished.

Notes
Turn   | Place    | Note
-------+----------+-------------------------------------------
     0 | D:1      | timneilson the Gargoyle Fighter began the quest for the
                  | Orb.
     0 | D:1      | Reached XP level 1. HP: 14/14 MP: 1/1
   342 | D:1      | Reached XP level 2. HP: 17/19 MP: 2/2
  1082 | D:2      | Reached XP level 3. HP: 18/23 MP: 3/3
  1225 | D:2      | You fall into a shaft and drop 2 floors!
  1225 | D:4      | Noticed Edmund
  1234 | D:4      | Reached XP level 4. HP: 17/28 MP: 4/4
  1244 | D:4      | HP: 1/42 [gnoll (4)]
  1246 | D:4      | Slain by a gnoll

Illustrated notes

Levels and vault maps discovered:
D:1:      minmay_arrival_semitransparent, layout_basic, st_stairs_7,
          minmay_tree_intersection
D:2:      layout_basic, chequers_decorated_corner, serial_bayou_lagoon_a,
          corexii_item_surrounded_by_moat, uniq_robin
D:4:      layout_rooms, nemelex_spade_bored_becter, fedhas_altar_decomposition,
          uniq_pikel, uniq_crazy_yiuf_cottage, uniq_edmund

Skill      XL: |  1  2  3 |
---------------+----------+-----
Long Blades    | 2 |  2.5
Armour         | 4 |  4.0
Shields        | 4 |  4.0
Fighting       | |  3.5

Action                   |  1- 3 |  4- 6 || total
-------------------------+-------+-------++-------
Melee: Long sword        |    63 |    11 ||    74
  Use: Scroll            |     2 |       ||     2
       Potion            |     1 |     2 ||     3
Armor: Scale mail        |    52 |     3 ||    55
Dodge: Dodged            |    25 |     4 ||    29
Block: Kite shield       |    28 |     7 ||    35
       Rpst.: Long sword |     8 |       ||     8

Table legend: (Time is in decaauts)
 A = Elapsed time spent in this place.
 B = Non-inter-level travel time spent in this place.
 C = Inter-level travel time spent in this place.
 D = Time resting spent in this place.
 E = Time spent auto-exploring this place.
 F = Levels seen in this place.
 G = Mean time per level.
                   A        B        C        D        E       F      G
               +--------+--------+--------+--------+--------+-----+--------+
         Total |   1279 |   1273 |      6 |      0 |   1066 |   3 |  426.3 |
       Dungeon |   1279 |   1273 |      6 |      0 |   1066 |   3 |  426.3 |
               +--------+--------+--------+--------+--------+-----+--------+

Top non-repeatable levels by time:
     D:1: 756 daAuts
     D:2: 499 daAuts
     D:4: 23 daAuts
